 Dungeon Crawl Stone Soup version 0.26-a0-64-g059e62fbdb (webtiles) character file.

Game seed: 16535543855146089842

74 Gwenloh the Skirmisher (level 4, 0/40 HPs)
             Began as a Ghoul Abyssal Knight on June 11, 2020.
             Was a Follower of Lugonu.
             Slain by a ball python (1 damage)
             ... in a sewer.
             The game lasted 00:07:38 (2597 turns).

Gwenloh the Skirmisher (Ghoul Abyssal Knight)       Turns: 2597, Time: 00:07:39

Health: 0/40       AC:  6    Str: 15    XL:     4   Next: 28%
Magic:  4/4        EV:  6    Int:  7    God:    Lugonu [*.....]
Gold:   47         SH:  0    Dex:  9    Spells: 3/3 levels left

rFire    . . .     SeeInvis .   a - +1 mace
rCold    + + .     Gourm    .   (no shield)
rNeg     + + +     Faith    .   j - +0 scale mail
rPois    ∞         Spirit   .   (no helmet)
rElec    .         Reflect  .   (no cloak)
rCorr    .         Harm     .   (no gloves)
MR       .....                  (no boots)
Stlth    +.........             (no amulet)
HPRegen  0.00/turn              n - ring of protection from cold
MPRegen  0.09/turn              p - ring of stealth

@: rotting, constricted
A: rotting body, claws 1, carnivore, cold resistance 1, negative energy
resistance 3, inhibited regeneration, torment resistance, unbreathing
a: Depart the Abyss, Renounce Religion


You were in a sewer.
You worshipped Lugonu.
Lugonu was aware of your devotion.
You were not hungry.

You visited 1 branch of the dungeon, and saw 3 of its levels.
You visited the Abyss 1 time.
You also visited: Sewer.

You collected 47 gold pieces.

Inventory:

Hand Weapons
 a - a +1 mace (weapon)
 d - a +0 whip
Missiles
 e - 36 stones (quivered)
 h - 2 throwing nets
Armour
 b - a +0 leather armour
 j - a +0 scale mail (worn)
Jewellery
 n - a ring of protection from cold (left claw)
 p - a ring of stealth (right claw)
Scrolls
 k - a scroll of enchant armour {unknown}
 m - a scroll of identify {unknown}
 q - a scroll of fog {unknown}
 r - a scroll of teleportation {unknown}
 s - a scroll of remove curse {unknown}
Potions
 g - a potion of haste {unknown}
 l - a potion of curing {unknown}
 o - a potion of invisibility {unknown}
Comestibles
 c - 2 rations


   Skills:
 * Level 3.9 Fighting
 * Level 2.6 Maces & Flails
 + Level 2.2 Armour
 + Level 1.5 Dodging
 + Level 2.6 Invocations


You had 3 spell levels left.
You didn't know any spells.
Your spell library contained the following spells:

 Spells                   Type           Power        Failure   Level  Hunger
 Confusing Touch          Hex            #.......     99%         3    ####...
 Gell's Gravitas          Tloc           #.........   99%         3    ####...
 Petrify                  Tmut/Erth      #.......     100%        4    #####..
 Metabolic Englaciation   Hex/Ice        #.........   100%        5    ######.
 Yara's Violent Unravell  Hex/Tmut       #.........   100%        5    ######.


Dungeon Overview and Level Annotations

Branches:
Dungeon (3/15)              Sewer (1/1)

Altars:
Cheibriados

Annotations:
D:3 Sigmund


Innate Abilities, Weirdness & Mutations

Your body is rotting away.
You thrive on raw meat.
You are immune to poison.
You have sharp fingernails.
You are carnivorous and can eat meat at any time.
Your flesh is cold resistant. (rC+)
You are immune to negative energy. (rN+++)
You do not regenerate when monsters are visible.
You are immune to unholy pain and torment.
You can survive without breathing.


Message History

The ball python constricts you. The ball python bites you.
* * * LOW HITPOINT WARNING * * *
The leopard gecko bites you but does no damage.
You hit the leopard gecko.
You kill the leopard gecko!
Lugonu accepts your kill. The bat completely misses you.
The ball python bites you but does no damage.
The ball python constricts you. The ball python bites you.
* * * LOW HITPOINT WARNING * * *
The ball python bites you but does no damage.
The ball python constricts you.
The ball python bites you but does no damage.
You escape the ball python's grasp.
The bat hits you.
* * * LOW HITPOINT WARNING * * *
You see here a leopard gecko corpse.
You butcher the leopard gecko corpse.
The bat hits you but does no damage.
The ball python bites you but does no damage.
The ball python grabs you.
You die...

#### ###∩.###
#......####..
#...÷SS.....≈
#....@.....≈.
##.....##.###
##..b## #
#####


You could see a bat and 2 ball pythons.

Vanquished Creatures
  3 adders (D:2)
  A worm (D:2)
  A dart slug (D:2)
  3 leopard geckos
  2 giant cockroaches (D:2)
  4 goblins
  3 hobgoblins (D:2)
  4 quokkas (D:2)
  5 ball pythons
  5 bats
  2 frilled lizards
  A kobold (D:1)
  5 rats
39 creatures vanquished.

Notes
Turn   | Place    | Note
-------+----------+-------------------------------------------
     0 | Abyss:1  | Gwenloh the Ghoul Abyssal Knight began the quest for the
                  | Orb.
     0 | Abyss:1  | Reached XP level 1. HP: 19/19 MP: 1/1
    73 | Abyss:1  | Noticed a chaos spawn
    74 | D:1      | Escaped the Abyss
   446 | D:1      | Reached skill level 1 in Dodging
   638 | D:1      | Reached XP level 2. HP: 26/26 MP: 2/2
   788 | D:2      | Reached * piety under Lugonu
  1393 | D:2      | Reached XP level 3. HP: 32/33 MP: 3/3
  1696 | D:2      | Found a snail-covered altar of Cheibriados.
  2167 | D:2      | Reached XP level 4. HP: 16/40 MP: 4/4
  2366 | D:3      | Noticed Sigmund
  2553 | D:3      | Found a glowing drain.
  2574 | Sewer    | Entered a sewer
  2595 | Sewer    | HP: 2/40 [ball python (1)]
  2597 | Sewer    | Slain by a ball python

Illustrated notes

Levels and vault maps discovered:
D:1:      ncdulo_watergridlock, layout_rooms
D:2:      minmay_evil_eye, layout_basic, kennysheep_slug_shrine
D:3:      minmay_recursive_quarters, layout_basic, first_ration,
          cheibrodos_sewer_entry_sluice, kennysheep_generic_room_12,
          uniq_grinder, uniq_sigmund
Sewer:    sewer_fruit_machine

Skill      XL: |  1  2 |
---------------+-------+-----
Dodging        | 1 |  1.5
Maces & Flails | 2 |  2.6
Armour         | 2 |  2.2
Fighting       | |  3.9
Invocations    | |  2.6

Action                   |  1- 3 |  4- 6 || total
-------------------------+-------+-------++-------
Melee: Mace              |   118 |    38 ||   156
Throw: Stone             |    73 |       ||    73
Invok: Depart the Abyss  |     1 |       ||     1
  Use: Scroll            |       |     2 ||     2
  Eat: Chunk             |     3 |    10 ||    13
       Ration            |       |     1 ||     1
Armor: Leather armour    |     7 |       ||     7
       Scale mail        |    54 |    82 ||   136
Dodge: Dodged            |    81 |    63 ||   144

Table legend:
 A = Non-vault XP
 B = Vault XP
 C = Vault XP percentage of total XP
 D = Non-vault monster count
 E = Vault monster count
 F = Vault count percentage of total count
                 A         B        C        D         E       F
            +---------+---------+-------+---------+---------+-------
      Total |      64 |      42 |  39.6 |      25 |      14 |  35.9
            +---------+---------+-------+---------+---------+-------
        D:1 |      10 |       0 |   0.0 |       7 |       0 |   0.0
        D:2 |      51 |      31 |  37.8 |      16 |       9 |  36.0
        D:3 |       3 |       5 |  62.5 |       2 |       3 |  60.0
      Sewer |       0 |       6 | 100.0 |       0 |       2 | 100.0
            +---------+---------+-------+---------+---------+-------
